AoeStats
← ZamSerg

African Clearing

506085309Analyzed
4v4 RM · 21d ago on Sep 12, 2026· 55m 4s· 8 players
Game mode
Random Map
Map size
Large (8 player)
Population
200
Speed
Normal
Resources
Standard
Victory
Conquest
Starting age
Dark Age
Ending age
Imperial Age
RankedLock teamsTeams togetherTeam positionsShared explorationLock speedFull tech treeHidden civsTurbo modeCheats
Victory
Defeat
🇻🇳 Inca · Vietnam
1269
+14
🇷🇺 Burgundians · Russia
1232
+16
🇲🇾 Bengalis · Malaysia
1228
+16
🇭🇰 Wei · Hong Kong SAR China
1186
+18
🇸🇪 Huns · Sweden
1297
-19
🇭🇺 Franks · Hungary
1273
-18
🇦🇺 Gurjaras · Australia
1177
-14
🇨🇿 Celts · Czechia
1164
-13
Tintagel
6:57 Loom
14:02 Feudal Age
14:40 Double-Bit Axe
14:36 Horse Collar
17:13 Scale Barding Armor
20:11 Castle Age
18:25 Bloodlines
20:37 Light Cavalry
26:44 Town Watch
27:27 Fletching
27:44 Husbandry
33:27 Wheelbarrow
35:38 Paiks
38:41 Chain Barding Armor
38:32 Forging
39:01 Bow Saw
39:23 Gold Mining
48:12 Imperial Age
49:25 Iron Casting
49:18 Conscription
49:55 Plate Barding Armor
49:13 Elite Battle Elephant
52:05 Blast Furnace
51:47 Herbal Medicine
gianghodd01
5:44 Loom
14:48 Feudal Age
21:13 Castle Age
21:23 Fletching
23:56 Champi Runner
24:36 Squires
29:37 Wheelbarrow
29:33 Champi Warrior
30:16 Arson
30:39 Horse Collar
33:44 Scale Mail Armor
34:54 Forging
35:14 Chain Mail Armor
39:42 Iron Casting
42:34 Hand Cart
53:06 Town Watch
Sai3310
13:50 Feudal Age
15:51 Loom
15:56 Double-Bit Axe
21:13 Gold Mining
23:31 Castle Age
23:24 Stone Mining
24:33 Husbandry
33:25 Scale Barding Armor
34:18 Wheelbarrow
33:50 Town Watch
35:40 Bloodlines
37:06 Bow Saw
40:30 Horse Collar
41:55 Heavy Plow
43:01 Hand Cart
43:42 Chain Barding Armor
43:33 Forging
47:50 Imperial Age
47:05 Iron Casting
47:19 Gold Shaft Mining
47:27 Treadmill Crane
47:45 Murder Holes
48:11 Ballistics
48:04 Tuntian
49:15 Conscription
48:20 Elite Tiger Cavalry
50:18 Ming Guang Armor
50:48 Crop Rotation
51:30 Chemistry
52:31 Blast Furnace
51:46 Masonry
56:06 Hoardings
ZamSerg
4:42 Loom
7:29 Double-Bit Axe
9:38 Loom
14:25 Feudal Age
18:34 Castle Age
18:20 Bow Saw
23:02 Wheelbarrow
23:34 Two-Man Saw
22:18 Horse Collar
24:56 Wheelbarrow
26:18 Gold Mining
26:33 Heavy Plow
27:20 Cavalier
28:00 Husbandry
32:50 Crop Rotation
32:58 Gold Shaft Mining
33:16 Town Watch
33:48 Hand Cart
33:27 Stone Mining
33:59 Scale Barding Armor
34:05 Forging
38:03 Imperial Age
36:44 Fortified Wall
36:16 Treadmill Crane
36:47 Masonry
37:21 Stone Shaft Mining
41:15 Chemistry
40:35 Ballistics
40:11 Murder Holes
40:52 Conscription
40:55 Light Cavalry
41:58 Chain Barding Armor
41:48 Hussar
43:19 Burgundian Vineyards
43:37 Paladin
45:19 Iron Casting
45:20 Plate Barding Armor
44:58 Fletching
46:29 Architecture
47:53 Blast Furnace
49:31 Arrowslits
49:37 Guard Tower
49:46 Bodkin Arrow
52:24 Elite Coustillier
53:42 Hoardings
Doppinger
10:42 Loom
12:55 Feudal Age
15:41 Double-Bit Axe
16:59 Forging
21:42 Castle Age
24:02 Husbandry
24:10 Scale Barding Armor
NightguyZ
6:00 Loom
13:45 Feudal Age
14:08 Feudal Age
16:05 Double-Bit Axe
19:51 Castle Age
17:38 Horse Collar
18:00 Double-Bit Axe
21:11 Bow Saw
21:27 Heavy Plow
23:06 Wheelbarrow
23:56 Scale Barding Armor
24:02 Forging
24:49 Town Watch
27:42 Bloodlines
27:32 Husbandry
28:16 Chain Barding Armor
28:28 Gold Mining
28:33 Stone Mining
30:30 Squires
31:12 Iron Casting
31:15 Hand Cart
34:29 Marauders
41:58 Imperial Age
42:02 Cavalier
43:07 Conscription
44:51 Plate Barding Armor
45:16 Blast Furnace
45:20 Elite Tarkan
48:13 Paladin
51:32 Town Patrol
Zodiac
13:24 Feudal Age
11:41 Loom
14:58 Double-Bit Axe
15:19 Stone Mining
20:25 Horse Collar
21:12 Fletching
25:09 Forging
25:02 Scale Mail Armor
28:26 Castle Age
Jimi
9:34 Loom
13:15 Feudal Age
14:16 Double-Bit Axe
15:35 Wheelbarrow
15:29 Horse Collar
23:42 Castle Age
22:33 Bloodlines
22:20 Gold Mining
23:33 Scale Barding Armor
24:56 Chain Barding Armor
26:20 Husbandry
30:49 Forging
39:36 Bow Saw
Connection lost

Rejoining the realm…

Still unreachable

The connection could not be restored.

Session expired

The server has moved on; the page needs a fresh start.